 Dungeon Crawl Stone Soup version 0.30.2 (webtiles) character file.

Game seed: 8781763017320246063

1972862 ForkInBrain the Acrobat (level 27, 226/226 HPs)
             Began as a Djinni Necromancer on Apr 17, 2024.
             Was a High Priest of Ashenzari.
             Escaped with the Orb
             ... and 4 runes on Apr 19, 2024!
             The game lasted 08:47:30 (91160 turns).

ForkInBrain the Acrobat (Djinni Necromancer)       Turns: 91160, Time: 08:47:30

Health: 226/226    AC: 14    Str:  7    XL:     27
Gold:   4575       EV: 25    Int: 28    God:    Ashenzari [*****.] SH: 31 Dex: 13

rFire   + + +        H - +7 trident "Vueng" {drain, rElec rPois rC++ Dex-4}
rCold   + . .        m - +7 tower shield "Per Aspera Ad Scientiam" {rN+, Fort, Cun} (curse)
rNeg    + . .        v - +2 robe "Shattered With Me" {Archmagi, Cun, Self} (curse)
rPois   ∞            q - +2 helmet of Supernal Gnosis {Evo, Self} (curse)
rElec   +            i - +2 cloak "Shackled Jealousy" {rCorr, Self, Evo} (curse)
rCorr   +            h - +2 pair of gloves "Share My Bad Feelings" {Range, Self} (curse)
SInv    +            (boots unavailable)
Will    +++..        N - amulet of the Elysian Gnosis {Regen+, Melee, Self} (curse)
Stlth   +++          e - ring of Supernal Understanding {rF+ Will+ SInv, Fort, Self} (curse)
HPRegen 1.37/turn    l - ring of the Circumscribed Sun {rC+, Cun, Self} (curse)
MPRegen 0.00/turn

%: clarity, archmagi
@: flying, studying Short Blades
A: sickness immunity, fire resistance 2, cold vulnerability 2, float, innate
caster, HP casting, extra vitality 1, deterioration 1, mutation resistance 1,
screaming 1
0: Orb of Zot
}: 4/15 runes: decaying, serpentine, slimy, silver
a: Renounce Religion, Curse Item, Shatter the Chains


You escaped.
You worshipped Ashenzari.
Ashenzari was extremely pleased with you.
You visited 11 branches of the dungeon, and saw 53 of its levels.
You also visited: Gauntlet, Volcano and Desolation.

You collected 9332 gold pieces.
You spent 4757 gold pieces at shops.

Inventory:

Hand Weapons
 H - the +7 trident "Vueng" (weapon) {drain, rElec rPois rC++ Dex-4}
   (You found it on level 5 of the Pits of Slime)

   Dex:       It affects your dexterity (-4).
   rC:        It greatly protects you from cold.
   rElec:     It insulates you from electricity.
   rPois:     It protects you from poison.
 U - the +7 falchion "Demonslayer" {venom, Will+ Dex+4}
   (You found it on level 1 of the Swamp)

   Dex:       It affects your dexterity (+4).
   Will:      It increases your willpower.
Missiles
 c - 5 datura-tipped darts
 g - 20 curare-tipped darts
 F - 21 atropa-tipped darts
Armour
 h - the cursed +2 pair of gloves "Share My Bad Feelings" (worn) {Range, Self}
   (You bought it in a shop on level 2 of the Orcish Mines)

   It has a curse which improves the following skills: Ranged Combat: Ranged
   Weapons and Throwing.
   Introspection: Fighting and Spellcasting.
 i - the cursed +2 cloak "Shackled Jealousy" (worn) {rCorr, Self, Evo}
   (You found it on level 3 of the Vaults)

   It has a curse which improves the following skills: Introspection: Fighting
   and Spellcasting.
   Evocations: Evocations.
 m - the cursed +7 tower shield "Per Aspera Ad Scientiam" (worn) {rN+, Fort, Cun}
   (You took it off a naga warrior on level 4 of the Snake Pit)

   It has a curse which improves the following skills: Fortitude: Armour and
   Shields.
   Cunning:   Dodging and Stealth.
 q - the cursed +2 helmet of Supernal Gnosis (worn) {Evo, Self}
   (You took it off Robin on level 2 of the Dungeon)

   It has a curse which improves the following skills: Evocations: Evocations.
   Introspection: Fighting and Spellcasting.
 v - the cursed +2 robe "Shattered With Me" (worn) {Archmagi, Cun, Self}
   (You found it on level 4 of the Dungeon)

   It has a curse which improves the following skills: Cunning: Dodging and
   Stealth.
   Introspection: Fighting and Spellcasting.
Magical Staves
 a - a staff of air
 b - a staff of cold
 f - a staff of earth
 Q - a staff of conjuration
Jewellery
 d - a ring of ice
 e - the cursed ring of Supernal Understanding (left hand) {rF+ Will+ SInv, Fort, Self}
   (You acquired it on level 5 of the Dungeon)

   [ring of see invisible]

   rF:        It protects you from fire.
   SInv:      It lets you see invisible.
   Will:      It increases your willpower.
   It has a curse which improves the following skills: Fortitude: Armour and
   Shields.
   Introspection: Fighting and Spellcasting.
 l - the cursed ring of the Circumscribed Sun (right hand) {rC+, Cun, Self}
   (You found it on level 3 of the Elven Halls)

   [ring of protection from cold]

   rC:        It protects you from cold.
   It has a curse which improves the following skills: Cunning: Dodging and
   Stealth.
   Introspection: Fighting and Spellcasting.
 n - a +6 ring of dexterity
 o - a ring of protection from cold
 E - a ring of wizardry
 L - a ring of positive energy
 N - the cursed amulet of the Elysian Gnosis (around neck) {Regen+, Melee, Self}
   (You bought it in a shop on level 7 of the Dungeon)

   [amulet of regeneration]

   Regen:     It increases your rate of health regeneration.
   It has a curse which improves the following skills: Melee Combat: Short
   Blades, Long Blades, Axes, Maces & Flails, Polearms, Staves and Unarmed
   Combat.
   Introspection: Fighting and Spellcasting.
 Y - a ring of willpower
 Z - the ring of Buomikum {Fly rCorr SInv}
   (You found it on level 5 of the Lair of Beasts)

   [ring of flight]

   SInv:      It lets you see invisible.
   Fly:       It grants you flight.
   rCorr:     It protects you from acid and corrosion.
Wands
 p - a wand of mindburst (19)
 y - a wand of quicksilver (22)
 z - a wand of iceblast (21)
 C - a wand of digging (29)
 D - a wand of flame (86)
Scrolls
 r - 5 scrolls of fog
 t - 8 scrolls of fear
 u - 12 scrolls of poison
 w - 10 scrolls of vulnerability
 x - 16 scrolls of teleportation
 B - 6 scrolls of butterflies
 G - a scroll of brand weapon
 J - 2 scrolls of magic mapping
 K - 3 scrolls of silence
 P - 9 scrolls of blinking
 S - 9 scrolls of immolation
 X - 4 scrolls of enchant armour
Potions
 j - 6 potions of haste
 k - 6 potions of mutation
 s - 6 potions of brilliance
 A - 16 potions of heal wounds
 I - 7 potions of resistance
 R - 5 potions of invisibility
 T - 22 potions of curing
 V - 6 potions of cancellation
Miscellaneous
 M - a phial of floods
 O - a lightning rod (4/4)
 W - a phantom mirror


   Skills:
 + Level 19.4(26.6) Fighting
 - Level 1.5(3.0) Staves
 + Level 4.7(7.7) Armour
 - Level 26.5(27) Dodging
 - Level 16.0(20.1) Stealth
 + Level 23.8(26.5) Shields
 - Level 20.6(27) Spellcasting
 - Level 7.4(10.6) Evocations


You knew the following spells:

 Your Spells              Type           Power      Damage    Failure   Level
a - Borgnjor's Revivific  Necr           68%        N/A       1%          8
b - Iskenderun's Mystic   Conj/Tloc      100%       2d19      0%          4
c - Vampiric Draining     Necr           100%       2d13      0%          3
d - Dispersal             Tloc           68%        N/A       0%          6
f - Fire Storm            Conj/Fire      68%        8d17      1%          9
g - Ignition              Fire           68%        3d18      1%          8
h - Summon Hydra          Summ           68%        N/A       0%          7
j - Arcjolt               Conj/Air       68%        1d78      0%          5
n - Necrotise             Necr           100%       1d9       0%          1
o - Orb of Destruction    Conj           68%        9d16      0%          7
p - Poisonous Vapours     Pois/Air       100%       N/A       0%          2
r - Searing Ray           Conj           100%       2d8       0%          2
v - Spellforged Servitor  Conj/Summ      68%        N/A       0%          7
x - Foxfire               Conj/Fire      100%       2x1d9     0%          1
y - Agony                 Necr           100%       N/A       0%          5
A - Animate Dead          Necr           100%       N/A       0%          4
F - Summon Forest         Summ/Tloc      68%        N/A       0%          5
Your spell library was empty.

Dungeon Overview and Level Annotations

Branches:
Dungeon (15/15)            Temple (1/1) D:4            Lair (5/5) D:9
  Swamp (4/4) Lair:3        Snake (4/4) Lair:2        Slime (5/5) Lair:4
    Orc (2/2) D:11            Elf (3/3) Orc:2        Vaults (5/5) D:13
  Crypt (0/3) Vaults:2     Depths (4/4) D:15            Zot (5/5) Depths:4
Volcano (visited)         Desolation (visited)      Gauntlet (visited)

Altars:
Ashenzari
Cheibriados
Dithmenos
Elyvilon
Fedhas
Gozag
Hepliaklqana
Makhleb
Nemelex Xobeh
Okawaru
Qazlal
Ru
Trog
Uskayaw
Wu Jian
Xom
Yredelemnul
Zin
The Shining One
Lugonu

Shops:
D:1 *   D:3 [   D:7 =   D:11 =   D:13 [(   D:14 *   Orc:2 *[[[   Elf:1 :
Snake:2 ?   Snake:4 !   Vaults:4 =!=*   Depths:1 [   Depths:4 ==:*

Portals:
Hell: Depths:1 Depths:2 Depths:3 Depths:4
Abyss: Lair:5 Depths:2 Depths:3 Depths:4
Pandemonium: Depths:1 Depths:2
Ziggurat: Depths:1
Trove: D:15 (give horn of Geryon)

Annotations:
Snake:1 6 exclusions, Rupert
Elf:2 3 runed translucent doors, exclusion: 3 doors
Elf:3 exclusions: 3 doors and 4 more exclusions, Zenata


Innate Abilities, Weirdness & Mutations

You are immune to sickness and miasma.
You are immune to poison.
Your flesh is very heat resistant. (rF++)
You are very vulnerable to cold. (rC--)
You float through the air rather than walking.
You learn spells naturally, not from books.
Your magical power is your life essence.
You have superior vitality. (+4 MHP)
Your body sometimes deteriorates upon taking damage.
You are somewhat resistant to further mutation.
You occasionally shout uncontrollably at your foes.


Message History

A cacodemon, an orange demon and a sixfirhy come into view.
The cacodemon shouts!
Casting: Fire Storm (dangerous; 1% risk of failure)
Confirm with . or Enter, or press ? or * to list all spells.
Aiming: Fire Storm (dangerous; 1% risk of failure)
Press: ? - help, Dir - move target, f - orange demon
Aim: an orange demon You feel a surge of power!
A raging storm of fire appears!
The great blast of fire engulfs the orange demon!!!!
You kill the orange demon!
The great blast of fire engulfs the sixfirhy!!!!
You kill the sixfirhy!
The great blast of fire engulfs the cacodemon!!!
The cacodemon is severely wounded.
Casting: Fire Storm (dangerous; 1% risk of failure)
Confirm with . or Enter, or press ? or * to list all spells.
Aiming: Fire Storm (dangerous; 1% risk of failure)
Press: ? - help, Dir - move target You feel a surge of power!
A raging storm of fire appears!
The great blast of fire engulfs the cacodemon!!!
You kill the cacodemon!
(D) Dungeon (T) Temple (L) Lair (S) Swamp (P) Snake Pit (M) Slime Pits (O) Orcish Mines (E) Elven Halls (V) Vaults (C) Crypt (U) Depths (H) Hell (Z) Zot
Where to? (Enter - D:1 @ (x,y), ? - help)
What level of the Dungeon? (default 1, ? - help)
Your extra speed is starting to run out.
There is a stone staircase leading up here.
You fly upwards.
There is a stone staircase leading down here.
You feel yourself slow down.
HP restored.
There is a stone staircase leading down here.
There is a stone staircase leading up here.
You fly upwards.
There is a stone staircase leading down here.
There is a staircase leading out of the dungeon here.
Enter note: Necromancy background was a pain in the ass, so I went back to when Djini could worship Ash and level only Spellcasting.
Totally ignored Necromancy and just did an OP Djini+Ash build.
Worked!
You have escaped!

.####............§§≈≈≈#
..###.........∩.§~§~≈≈#
...##.............~~≈≈#
...##.⌠.........∩.~~§≈#
...##.............~§≈≈#
##.#............♣.§§§§#
.#.#..........♣...§~§≈#
...'...............~§§#
.#.'............@..~~≈#
.###...............~~≈#
.# #..........♣....~§≈#
.####..............§~≈#
...##.⌠...........§~~§#
..###..........∩.§§§~≈#
..# #............~§~≈≈#
..###............§§~≈≈#
...###........∩.§~§~≈≈#


There were no monsters in sight!

Vanquished Creatures
  the Royal Jelly (Slime:5)
  2 dread liches
  An ancient lich (Zot:5)
  8 orbs of fire the Lernaean hydra (Swamp:4)
  Parghit (Depths:3)
  8 Killer Klowns
  2 curse toes
  3 golden dragons
  Jory (Vaults:4)
  A Tzitzimitl (Depths:4)
  2 electric golems (Zot:5)
  A hellephant (Zot:2)
  6 tentacled monstrosities
  Jorgrun (D:14)
  24 Orb Guardians
  A walking divine tome (Depths:3)
  4 quicksilver dragons
  7 acid blobs
  3 titans (Vaults:5)
  A lich (Depths:2)
  2 sphinxes
  8 death cobs
  2 tengu reavers (Vaults:5)
  8 shadow dragons
  A nagaraja (Snake:4)
  11 storm dragons
  2 demonspawn warmongers (D:13)
  3 draconian scorchers
  4 rockslimes
  8 azure jellies
  5 vault wardens
  3 draconian monks (Zot:4)
  2 frost giants
  11 draconian knights
  4 ghost moths
  3 fire giants
  A cacodemon (D:3)
  4 draconian shifters
  4 draconian stormcallers
  2 deep elf elementalists
  3 orc warlords
  5 draconian annihilators
  8 quicksilver oozes
  A reaper (D:13)
  A war gargoyle (Vaults:4)
  9 ironbound preservers
  14 very ugly things
  12 black draconians
  4 ironbound thunderhulks
  A spriggan defender (Depths:4)
  4 stone giants
  A vampire knight (Depths:2)
  5 green draconians
  A deep elf annihilator (Elf:3)
  A deep elf demonologist (Vaults:5)
  Azrael (D:14)
  5 red draconians
  14 white draconians
  2 halazid warlocks (Desolation)
  A lorocyproca (D:9)
  4 purple draconians
  9 yellow draconians
  A bunyip (Swamp:3)
  3 spark wasps (Depths:4)
  A dire elephant (Zot:2)
  A deep elf death mage (Vaults:5)
  2 fire dragons
  An ettin (Depths:2)
  2 yaktaur captains (Vaults:5)
  A ragged hierophant (Desolation)
  A deep elf high priest (Vaults:5)
  A shambling mangrove (Swamp:3)
  2 ice dragons (Depths:4)
  14 vault guards
  Erolcha (Orc:1)
  A servant of whispers (Desolation)
  2 peacekeepers
  3 hydras
  3 great orbs of eyes
  2 ironbound frosthearts
  4 ogre magi
  A hell beast (Depths:1)
  2 centaur warriors
  2 anacondas
  11 two-headed ogres
  Erica (Lair:2)
  A dancing weapon (Elf:2)
  2 tengu warriors (Depths:3)
  2 deep troll shamans
  4 thrashing horrors (Lair:5)
  A naga warrior (Snake:2)
  7 deep troll earth magi
  2 shock serpents
  Urug (Lair:4)
  A large abomination (Lair:5)
  3 spriggan berserkers
  3 deep elf knights (Elf:2)
  Sonja (D:13)
  A skyshark (Lair:1)
  A sun demon (Depths:1)
  A hell knight (Vaults:5)
  A sixfirhy (D:3)
  A shadow wraith (Vaults:5)
  3 iron trolls
  A salamander mystic (Snake:2)
  20 deep trolls
  2 naga ritualists (Snake:1)
  2 orb spiders (shapeshifter)
  3 phantasmal warriors (Vaults:5)
  A flayed ghost (D:15)
  A deep elf archer (Elf:2)
  5 glowing orange brains
  An orange crystal statue (Depths:1)
  2 lindwurms
  2 necromancers
  8 ironbound convokers
  3 deep elf zephyrmancers (Elf:3)
  2 wizards
  6 deep elf pyromancers
  A manticore (shapeshifter) (D:13)
  2 mana vipers
  5 shining eyes
  7 ugly things
  A manticore (D:13)
  A moth of wrath (shapeshifter) (Depths:3)
  6 salamanders (Snake:2)
  25 moths of wrath
  A demonic crawler (D:14)
  14 elephants
  5 naga magi
  5 vault sentinels
  An eye of devastation (Slime:1)
  A rust devil (Zot:5)
  6 guardian serpents
  12 black mambas
  An orange demon (D:3)
  10 cane toads
  5 komodo dragons
  3 kobold demonologists (D:9)
  14 yaktaurs
  A tengu conjurer (Depths:3)
  An unseen horror zombie (D:7)
  An ancient zyme (Lair:5)
  A polar bear (shapeshifter) (Lair:5)
  2 tyrant leeches (Lair:3)
  A polar bear (Lair:5)
  A wind drake (shapeshifter) (Vaults:5)
  20 blink frogs
  13 saltlings
  101 slime creatures
  A centaur simulacrum (D:14)
  Sigmund (D:4)
  3 ynoxinuls
  A wraith (D:9)
  A wyvern (D:9)
  29 yaks
  6 humans (Zot:2)
  2 water elementals
  A fire elemental (Elf:2)
  A spriggan (Lair:5)
  A shadow (D:11)
  9 fire bats
  11 golden eyes
  A steam dragon (D:6)
  4 basilisks
  2 chaos spawn (Lair:5)
  5 vampire mosquitoes
  Edmund (D:5)
  4 wargs
  17 water moccasins
  7 nagas
  2 floating eyes
  2 ice beasts (D:8)
  11 orc warriors
  2 black bears
  16 wolves
  10 ogres
  2 sky beasts
  A small abomination (Lair:5)
  10 centaurs
  3 kobold brigands
  A phantom (D:6)
  9 bullfrogs
  2 scorpions
  A wyvern zombie (D:7)
  16 wights
  7 killer bees
  5 electric eels
  3 howler monkeys (D:9)
  6 lava snakes (Volcano)
  A centaur zombie (D:7)
  4 hounds
  8 orc priests
  2 gnoll boudas
  3 sleepcaps
  Ijyb (D:4)
  3 iguanas
  15 orc wizards
  2 polar bear simulacra (Lair:2)
  A yak simulacrum (Lair:2)
  4 wolf simulacra (Lair:2)
  A howler monkey zombie (D:7)
  Robin (D:2)
  8 adders
  23 gnolls
  A shadow imp (D:5)
  A white imp (D:6)
  3 worms (D:2)
  4 dart slugs
  49 orcs
  3 ball pythons
  9 bats
  11 endoplasms
  2 giant cockroaches
  13 hobgoblins
  3 jackals (D:2)
  22 kobolds
  4 quokkas
  3 frilled lizards (D:2)
  15 goblins
  9 rats
  4 river rat simulacra (Lair:2)
  6 fire vortices (Zot:5)
  15 foxfires
  A snaplasher vine (Vaults:3)
1171 creatures vanquished.

Vanquished Creatures (collateral kills)
  A dread lich (Vaults:5)
  An orb of fire (Zot:5)
  An ancient lich (Vaults:5)
  Frederick (Vaults:5)
  2 golden dragons
  A bone dragon (Depths:4)
  A doom hound (Depths:4)
  5 tentacled monstrosities
  3 liches
  Grunn (Depths:4)
  Asterion (Vaults:1)
  3 Orb Guardians (Zot:5)
  A walking frostbound tome (Depths:2)
  2 deep elf blademasters (Elf:3)
  3 titans (Vaults:5)
  8 acid blobs
  6 deep elf master archers (Elf:3)
  Gastronok (Orc:1)
  2 death cobs
  7 sphinxes
  A shadow dragon (Zot:4)
  2 storm dragons
  A thorn hunter (Swamp:3)
  Donald (Swamp:3)
  A fenstrider witch (Swamp:4)
  4 tengu reavers
  5 nagarajas
  6 frost giants
  5 fire giants
  8 rockslimes
  14 vault wardens
  6 azure jellies
  An iron dragon (Vaults:5)
  5 deep elf sorcerers
  An imperial myrmidon (Desolation)
  A deep elf elementalist (Elf:3)
  A draconian shifter (Depths:4)
  A draconian scorcher (Zot:5)
  A draconian stormcaller (Depths:4)
  3 orc warlords
  A draconian annihilator (Zot:4)
  14 ironbound preservers
  13 very ugly things
  A spriggan defender (Depths:4)
  4 quicksilver oozes
  2 reapers (Depths:4)
  An ironbound thunderhulk (Vaults:1)
  A vampire knight (Depths:2)
  2 war gargoyles (Vaults:5)
  8 stone giants
  5 green draconians
  5 eleionomae
  A black draconian (Depths:4)
  2 deep elf demonologists
  3 bunyips
  A putrid mouth (Depths:4)
  A spark wasp (shapeshifter) (Vaults:5)
  2 white draconians
  A purple draconian (Depths:4)
  4 spark wasps (Depths:1)
  4 deep elf annihilators (Elf:3)
  A dire elephant (Vaults:4)
  A crystal guardian (Vaults:3)
  2 ragged hierophants (Desolation)
  3 ettins
  3 merfolk impalers (Depths:4)
  A deep elf high priest (Vaults:5)
  3 fire dragons
  6 deep elf death magi
  3 entropy weavers
  12 yaktaur captains
  A shambling mangrove (Swamp:2)
  7 great orbs of eyes
  17 hydras
  A rakshasa (Depths:1)
  25 vault guards
  3 ice dragons
  An ice dragon (shapeshifter) (Vaults:5)
  2 ogre magi
  3 peacekeepers
  2 spriggan air magi
  4 salamander tyrants
  5 anacondas
  A servant of whispers (Desolation)
  4 ghost crabs
  7 ironbound frosthearts
  A two-headed ogre (shapeshifter) (D:13)
  10 two-headed ogres
  14 dancing weapons
  5 alligators
  4 centaur warriors
  4 tengu warriors
  2 vampire magi (Depths:2)
  6 deep troll earth magi
  A spriggan berserker (Depths:2)
  3 boulder beetles
  4 deep troll shamans
  An orc high priest (Orc:2)
  10 sun demons (Depths:1)
  19 naga sharpshooters
  10 naga warriors
  5 hell knights
  A large abomination (Lair:5)
  4 shock serpents
  10 deep elf knights
  11 salamander mystics
  6 iron trolls
  5 skeletal warriors
  3 goliath frogs (Swamp:2)
  2 flayed ghosts
  A glowing orange brain (shapeshifter) (Depths:1)
  A swamp dragon (shapeshifter) (D:13)
  2 glowing orange brains
  5 bog bodies (Swamp:4)
  A sea snake (shapeshifter) (Depths:2)
  12 deep elf archers
  54 deep trolls
  6 swamp dragons
  6 naga ritualists
  3 spriggan druids (Swamp:2)
  5 wizards
  A tengu zombie (D:15)
  4 phantasmal warriors (Vaults:5)
  Lodul (D:14)
  5 lindwurms
  23 deep elf zephyrmancers
  4 necromancers
  8 orc knights
  3 harpies (Vaults:4)
  28 deep elf pyromancers
  13 ironbound convokers
  A stone giant zombie (Vaults:4)
  4 cyclopes
  17 salamanders
  A manticore (D:12)
  12 mana vipers
  An orc sorcerer (Elf:2)
  2 shining eyes
  A moth of wrath (shapeshifter) (Vaults:5)
  5 will-o-the-wisps
  20 ugly things
  13 naga magi
  A moth of wrath (Zot:5)
  A salamander (shapeshifter) (Depths:2)
  A stone giant skeleton (D:15)
  A smoke demon (Lair:5)
  3 guardian serpents (Snake:4)
  2 eyes of devastation
  31 black mambas
  3 vault sentinels
  3 cane toads
  3 demonic crawlers (D:14)
  3 freezing wraiths
  A rime drake (Lair:4)
  A kobold demonologist (D:13)
  20 yaktaurs
  2 tengu conjurers (Depths:1)
  A komodo dragon (Lair:2)
  3 efreet
  5 trolls
  An ancient zyme (Lair:5)
  5 tyrant leeches
  A meliai (D:14)
  5 hornets (Swamp:2)
  10 blink frogs
  A spriggan zombie (D:15)
  9 saltlings (Desolation)
  A tarantella (Vaults:4)
  5 dream sheep (Lair:5)
  32 slime creatures
  9 spriggans
  2 wraiths
  3 yaks (Lair:3)
  An ettin skeleton (D:15)
  4 water elementals
  3 air elementals
  2 wyverns
  11 humans
  3 basilisks (Lair:5)
  4 fire elementals
  A yak (shapeshifter) (Lair:5)
  8 nameless horrors
  A chaos spawn (Lair:5)
  2 redbacks (Vaults:1)
  4 wargs (Orc:2)
  15 vampire mosquitoes
  14 swamp worms
  27 nagas
  An acid dragon (D:10)
  A water moccasin (Lair:5)
  A floating eye (D:14)
  3 hell hounds (D:14)
  A glowing shapeshifter skeleton (Vaults:4)
  14 swamp drakes
  19 orc warriors
  An ice beast (D:6)
  23 ogres
  4 wolves (Lair:2)
  5 boggarts (D:15)
  2 centaurs (D:10)
  An elf simulacrum (Vaults:4)
  A kobold brigand (D:13)
  11 small abominations
  3 earth elementals (Elf:1)
  A human skeleton (Vaults:4)
  An electric eel (D:10)
  A howler monkey (D:10)
  9 orc priests
  9 orc wizards
  An adder (D:6)
  A gnoll (D:7)
  2 shadow imps (D:6)
  34 orcs
  A hobgoblin (D:1)
  6 kobolds
  3 fire vortices (Zot:5)
  5 foxfires
  A snaplasher vine (Depths:4)
1152 creatures vanquished.

Vanquished Creatures (others)
  A doom hound (Depths:4)
  A stone giant (Depths:4)
  A quicksilver ooze (Slime:4)
  A bunyip (Swamp:3)
  A vault guard (Vaults:5)
  A hydra (Swamp:3)
  2 deep elf knights (Elf:1)
  A komodo dragon (shapeshifter) (Elf:1)
  A yaktaur (Vaults:5)
  2 bloated husks (Swamp:3)
  A human (D:13)
  A water moccasin zombie (D:6)
  A warg zombie (D:9)
  A centaur zombie (D:9)
  A hound zombie (D:6)
  4 gnoll zombies
  5 kobold zombies (D:9)
  3 orc zombies
  164 fire vortices
  1128 foxfires
  69 snaplasher vines
1390 creatures vanquished.

Grand Total: 3713 creatures vanquished

Notes
Turn   | Place    | Note
-------+----------+-------------------------------------------
     0 | D:1      | ForkInBrain the Djinni Necromancer began the quest for the
                  | Orb.
     0 | D:1      | ForkInBrain set off with the following spells memorised:
                  | Necrotise, Vampiric Draining, Animate Dead, Agony.
     0 | D:1      | Reached XP level 1. HP: 15/15 MP: 0/0
   162 | D:1      | Found Xelatrav's Assorted Antiques.
   198 | D:1      | Reached XP level 2. HP: 21/22 MP: 0/0
   646 | D:1      | Found a faded altar of an unknown god.
   807 | D:1      | Reached XP level 3. HP: 16/26 MP: 0/0
   807 | D:1      | Learned a level 1 spell: Foxfire
   951 | D:2      | Reached skill level 1 in Fighting
  1005 | D:2      | Noticed Robin
  1126 | D:2      | Reached XP level 4. HP: 29/32 MP: 0/0
  1135 | D:2      | Killed Robin
  1391 | D:2      | Reached skill level 3 in Dodging
  1756 | D:3      | Reached XP level 5. HP: 37/38 MP: 0/0
  1756 | D:3      | Learned a level 2 spell: Searing Ray
  1947 | D:3      | Found Exzit's Armour Shop.
  2469 | D:3      | Found a sparkling altar of Nemelex Xobeh.
  2784 | D:4      | Noticed Ijyb
  2818 | D:4      | Killed Ijyb
  2819 | D:4      | Reached XP level 6. HP: 40/44 MP: 0/0
  3110 | D:4      | Found a staircase to the Ecumenical Temple.
  3140 | Temple   | Entered the Ecumenical Temple
  3281 | Temple   | Became a worshipper of Ashenzari the Shackled
  3563 | D:4      | Noticed a water moccasin
  3572 | D:4      | Killed a water moccasin
  3573 | D:4      | Reached skill level 4 in Dodging
  3573 | D:4      | Reached XP level 7. HP: 12/50 MP: 0/0
  3573 | D:4      | Learned a level 2 spell: Poisonous Vapours
  3916 | D:4      | Reached skill level 5 in Spellcasting
  4080 | D:4      | Noticed Sigmund
  4088 | D:4      | Killed Sigmund
  4317 | D:5      | Entered Level 5 of the Dungeon
  4374 | D:5      | Noticed a water moccasin
  4547 | D:3      | Bought a +1 pair of gloves of dexterity for 165 gold pieces
  4621 | D:5      | Reached XP level 8. HP: 53/58 MP: 0/0
  4659 | D:5      | Reached skill level 5 in Dodging
  4659 | D:5      | Reached skill level 1 in Evocations
  5025 | D:5      | Noticed Edmund
  5444 | D:5      | Reached * piety under Ashenzari
  5444 | D:5      | Identified a scroll of acquirement
  5445 | D:5      | Acquired the ring of the Saviour {rF+ Will+ SInv}
  5457 | D:5      | Found a basalt altar of Yredelemnul.
  5542 | D:5      | Found a white marble altar of Elyvilon.
  5699 | D:5      | Found the +1 Delatra's gloves {ID++}
  5935 | D:5      | Reached XP level 9. HP: 47/65 MP: 0/0
  5935 | D:5      | Learned a level 4 spell: Iskenderun's Mystic Blast
  6299 | D:6      | Reached skill level 5 in Fighting
  6299 | D:6      | Reached skill level 6 in Dodging
  6510 | D:6      | Reached ** piety under Ashenzari
  7063 | D:7      | Found Tusaphuu's Jewellery Emporium.
  7122 | D:7      | Identified the +1 robe "Byduorgh" {-Tele rPois rF+ SInv}
  7219 | D:6      | Reached *** piety under Ashenzari
  7723 | D:7      | Reached XP level 10. HP: 54/76 MP: 0/0
  7977 | D:8      | Reached skill level 7 in Dodging
  8211 | D:8      | Reached skill level 5 in Stealth
  8255 | D:8      | Acquired a manual of Stealth
  8823 | D:7      | Identified the Tome of Heated Topology
  9279 | D:3      | Bought a +0 cloak for 45 gold pieces
 10155 | D:9      | Noticed a kobold demonologist
 10158 | D:9      | Noticed a kobold demonologist
 10163 | D:9      | Noticed a kobold demonologist
 10169 | D:9      | Noticed a rust devil
 10176 | D:9      | Noticed a soul eater
 10623 | D:9      | Reached skill level 8 in Dodging
 10825 | D:9      | Killed a kobold demonologist
 10826 | D:9      | Reached XP level 11. HP: 79/84 MP: 0/0
 10826 | D:9      | Learned a level 5 spell: Arcjolt
 10862 | D:9      | Noticed a soul eater
 11061 | D:9      | Noticed a sun demon
 11083 | D:9      | Found a staircase to the Lair.
 11249 | D:9      | Noticed a two-headed ogre
 11709 | D:9      | Killed a two-headed ogre
 11761 | D:9      | Noticed a two-headed ogre
 11769 | D:9      | Killed a two-headed ogre
 12821 | Lair:1   | Entered Level 1 of the Lair of Beasts
 13159 | Lair:1   | Reached skill level 9 in Dodging
 13615 | Lair:1   | Reached XP level 12. HP: 83/92 MP: 0/0
 13924 | Lair:1   | Noticed a skyshark
 13932 | Lair:1   | Killed a skyshark
 14290 | Lair:2   | Reached skill level 10 in Spellcasting
 14628 | Lair:2   | Reached skill level 10 in Dodging
 14773 | Lair:2   | Found a staircase to the Snake Pit.
 14804 | Lair:2   | Reached skill level 10 in Stealth
 14899 | Lair:2   | Noticed Erica
 14904 | Lair:2   | Killed Erica
 15166 | D:7      | Bought an amulet of regeneration for 390 gold pieces
 15637 | Lair:2   | Reached XP level 13. HP: 100/101 MP: 0/0
 15637 | Lair:2   | Learned a level 5 spell: Summon Forest
 15648 | Lair:2   | Identified the +12 war axe of Sunlight {drain, Drain Int+3
                  | Dex+4}
 15682 | Lair:2   | Reached skill level 1 in Staves
 16878 | Lair:3   | Reached skill level 11 in Dodging
 17048 | Lair:3   | Reached skill level 10 in Fighting
 17082 | Lair:3   | Found a staircase to the Swamp.
 17884 | D:5      | Killed Edmund
 18191 | Lair:4   | Noticed Urug
 18363 | Lair:4   | Found a staircase to the Slime Pits.
 18454 | Lair:4   | Killed Urug
 18571 | Lair:4   | Found a dark tunnel.
 18584 | Volcano  | Entered a volcano
 18623 | Volcano  | Reached XP level 14. HP: 76/110 MP: 0/0
 19006 | Volcano  | Found a bloodstained altar of Trog.
 19021 | Volcano  | Found a bloodstained altar of Trog.
 19124 | Lair:4   | Acquired 618 gold pieces
 19342 | Lair:4   | Identified the +7 spear of Bacvebb {drain, Int+2}
 19442 | Lair:4   | Reached **** piety under Ashenzari
 19835 | Lair:5   | Entered Level 5 of the Lair of Beasts
 19839 | Lair:5   | Reached skill level 12 in Dodging
 20319 | Lair:5   | Identified the +6 flail "Tah Nawe" {heavy, rPois rF+ rC-
                  | Dex+4}
 21753 | Lair:5   | Found a corrupted altar of Lugonu.
 21753 | Lair:5   | Found a one-way gate to the infinite horrors of the Abyss.
 21753 | Lair:5   | Identified the ring of Buomikum {Fly rCorr SInv}
 21765 | Lair:5   | Reached XP level 15. HP: 74/122 MP: 0/0
 21765 | Lair:5   | Learned a level 6 spell: Dispersal
 22082 | D:10     | Entered Level 10 of the Dungeon
 22318 | D:7      | Bought a ring of ice for 325 gold pieces
 22655 | D:10     | Identified the +8 short sword "Nuningea" {pain, *Corrode
                  | rElec rPois rF+}
 22781 | D:10     | Found Demoh's Elemental Accessories.
 23255 | D:10     | Found a stormy altar of Qazlal.
 23256 | D:10     | Found a glowing golden altar of the Shining One.
 24306 | D:11     | Found a staircase to the Orcish Mines.
 24486 | D:11     | Reached ***** piety under Ashenzari
 24535 | D:11     | Found Nanniho's Jewellery Emporium.
 25200 | D:11     | Found a staircase to the Orcish Mines.
 25383 | D:11     | Found Nanniho's Jewellery Emporium.
 25695 | Orc:1    | Entered Level 1 of the Orcish Mines
 25695 | Orc:1    | Noticed Erolcha
 25706 | Orc:1    | Killed Erolcha
 25707 | Orc:1    | Reached skill level 1 in Shields
 25746 | Orc:1    | Noticed an orc warlord
 25759 | Orc:1    | Killed an orc warlord
 26045 | Orc:2    | Entered Level 2 of the Orcish Mines
 26202 | Orc:2    | Reached skill level 13 in Dodging
 26357 | Orc:2    | Noticed an orc warlord
 26367 | Orc:2    | Killed an orc warlord
 26551 | Orc:2    | Found Nalies's Armour Shoppe.
 26551 | Orc:2    | Found Focynk's Armour Boutique.
 26552 | Orc:2    | Found Isonodu's Assorted Antiques.
 26552 | Orc:2    | Found Peuchuy's Armour Shoppe.
 26769 | Orc:2    | Found a staircase to the Elven Halls.
 26793 | Orc:2    | Noticed an orc warlord
 26799 | Orc:2    | Reached skill level 5 in Shields
 26813 | Orc:2    | Killed an orc warlord
 27498 | Orc:1    | Noticed Gastronok
 27569 | Orc:1    | Killed Gastronok
 28089 | D:12     | Reached XP level 16. HP: 117/134 MP: 0/0
 28213 | D:12     | Reached skill level 1 in Armour
 29586 | D:13     | Noticed Sonja
 29816 | D:13     | Found a gate leading to a gauntlet.
 29830 | Gauntlet | Entered a Gauntlet
 29830 | Gauntlet | Found a transporter.
 29830 | Gauntlet | Found a transporter.
 29851 | Gauntlet | Found a transporter.
 29852 | Gauntlet | Found a transporter.
 29860 | Gauntlet | Found a transporter.
 29863 | Gauntlet | Found a transporter.
 29871 | Gauntlet | Identified the ring of Yfyph {rN+ Will++}
 29872 | Gauntlet | Found a transporter.
 29891 | Gauntlet | Found a transporter.
 29894 | Gauntlet | Identified the +1 pair of boots "Pengi" {rC++ Int+4}
 29908 | Gauntlet | Found a transporter.
 29913 | Gauntlet | Found a transporter.
 29913 | Gauntlet | Found the +5 demon whip "Spellbinder" {antimagic, disrupt,
                  | Will+}
 29921 | Gauntlet | Found a transporter.
 29925 | Gauntlet | Found a transporter.
 29968 | D:13     | Found Vuhuskil's Armour Boutique.
 30560 | D:13     | Found a gate to the Vaults.
 30602 | D:13     | Found Hainaedd's Distillery.
 31028 | D:13     | Killed Sonja
 31090 | D:13     | Found Reytibuc's Antique Weapon Emporium.
 31317 | D:14     | Noticed Jorgrun
 31330 | D:14     | Killed Jorgrun
 31580 | D:14     | Found Taogh's Assorted Antiques.
 31584 | D:14     | Bought a scroll of blinking for 195 gold pieces
 31604 | D:14     | Noticed Lodul
 31749 | D:14     | Killed Lodul
 31914 | D:14     | Paralysed by a floating eye for 4 turns
 32533 | D:14     | Identified the Omnibus of Macabre Snow
 32746 | D:14     | Noticed Azrael
 32753 | D:14     | Killed Azrael
 32949 | D:15     | Entered Level 15 of the Dungeon
 33118 | D:15     | Found a portal to a secret trove of treasure.
 33190 | D:15     | Reached skill level 14 in Dodging
 33594 | D:15     | Reached XP level 17. HP: 143/143 MP: 0/0
 33594 | D:15     | Learned a level 7 spell: Spellforged Servitor
 33993 | D:15     | Found a staircase to the Depths.
 34798 | Snake:1  | Entered Level 1 of the Snake Pit
 35229 | Snake:1  | Noticed Rupert
 36458 | Snake:2  | Identified the +2 leather armour of Context {rF- rN+ Str+5
                  | Stlth+}
 36782 | Snake:2  | Found Focipryl's Magic Scroll Shop.
 36796 | Snake:2  | Spellforged
 36797 | Snake:2  | Spellforged Servitor with Arcjolt is pretty neat.
 36799 | Snake:2  | Bought a scroll of blinking for 127 gold pieces
 36799 | Snake:2  | Bought a scroll of teleportation for 51 gold pieces
 36799 | Snake:2  | Bought a scroll of fog for 68 gold pieces
 37533 | Snake:3  | Reached skill level 15 in Fighting
 37885 | Snake:3  | Reached XP level 18. HP: 93/151 MP: 0/0
 38644 | Snake:4  | Entered Level 4 of the Snake Pit
 38736 | Snake:4  | Reached skill level 15 in Dodging
 39410 | Snake:4  | Reached skill level 15 in Spellcasting
 39787 | Snake:4  | Reached XP level 19. HP: 157/157 MP: 0/0
 39787 | Snake:4  | Learned a level 7 spell: Summon Hydra
 39840 | Snake:4  | Reached skill level 15 in Stealth
 39878 | Snake:4  | Got a serpentine rune of Zot
 40116 | Snake:4  | Found Xaunadaa's Distillery.
 40126 | Snake:4  | Bought a potion of cancellation for 144 gold pieces
 40126 | Snake:4  | Bought a potion of brilliance for 72 gold pieces
 40126 | Snake:4  | Bought a potion of cancellation for 144 gold pieces
 40126 | Snake:4  | Bought a potion of curing for 54 gold pieces
 40126 | Snake:4  | Bought a potion of invisibility for 144 gold pieces
 40126 | Snake:4  | Bought a potion of brilliance for 72 gold pieces
 40126 | Snake:4  | Bought a potion of curing for 54 gold pieces
 40469 | Swamp:1  | Entered Level 1 of the Swamp
 40488 | Swamp:1  | Identified the +7 falchion "Demonslayer" {venom, Will+
                  | Dex+4}
 41613 | Swamp:2  | Reached skill level 10 in Shields
 42543 | Swamp:2  | Noticed a tentacled monstrosity
 42550 | Swamp:2  | Killed a tentacled monstrosity
 42733 | Swamp:2  | Identified the orb of the Rotten God {guile, Dex-2 Slay+6}
 44254 | Swamp:3  | Noticed Donald
 44260 | Swamp:3  | Killed Donald
 44933 | Swamp:4  | Entered Level 4 of the Swamp
 45893 | Swamp:4  | Reached skill level 16 in Dodging
 45946 | Swamp:4  | Reached XP level 20. HP: 110/166 MP: 0/0
 46050 | Swamp:4  | Noticed the 27-headed Lernaean hydra
 46354 | Swamp:4  | Killed the 27-headed Lernaean hydra
 46458 | Swamp:4  | Got a decaying rune of Zot
 46773 | Elf:1    | Entered Level 1 of the Elven Halls
 46773 | Elf:1    | Found Upeod's Book Emporium.
 47103 | Orc:2    | Bought a +2 pair of gloves for 280 gold pieces
 47654 | Elf:1    | Paralysed by an air elemental for 1 turns
 47798 | Elf:1    | Identified the Atlas of Bolts
 48422 | Elf:2    | Paralysed by an air elemental for 1 turns
 49176 | Elf:2    | Found a runed translucent gate.
 49176 | Elf:2    | Found a runed translucent gate.
 49176 | Elf:2    | Found a runed translucent gate.
 49574 | Elf:3    | Entered Level 3 of the Elven Halls
 50323 | Elf:3    | Noticed Zenata
 50486 | Elf:3    | Reached XP level 21. HP: 136/175 MP: 0/0
 50486 | Elf:3    | Learned a level 7 spell: Orb of Destruction
 50550 | Elf:3    | Reached skill level 5 in Evocations
 51332 | Elf:3    | Identified the Precepts of the Limned Body
 51439 | Elf:3    | Identified the +1 arbalest of Beyond {penet, SInv}
 51439 | Elf:3    | Identified the +8 sling of the Arcadian God {flame, Str+4
                  | Int+6}
 51439 | Elf:3    | Identified the Excursus on Enchanted Transmigration
 51579 | Elf:3    | Found the +8 autumn katana {manifold assault}
 51579 | Elf:3    | Identified the Incunabulum of the Maleficium
 51580 | Elf:3    | Identified the +1 hand axe "Boasemp" {holy, rF+ rC- Int+2}
 51584 | Elf:3    | Identified the +4 dire flail of Beyond {heavy, Int+7}
 52046 | Vaults:1 | Entered Level 1 of the Vaults
 52543 | Vaults:1 | Noticed Asterion
 53652 | Vaults:2 | Found a crumbling gateway.
 53677 | Desolati | Entered the Desolation of Salt
 54182 | Desolati | Reached skill level 17 in Dodging
 54600 | Vaults:2 | Reached XP level 22. HP: 184/184 MP: 0/0
 54802 | Vaults:2 | Found a staircase to the Crypt.
 55639 | Vaults:2 | Identified the staff of death "Johagun" {rN+ Will+ Str-2
                  | Dex+5 Stlth+}
 57759 | Vaults:4 | Found Tuef Esu's Distillery.
 57764 | Vaults:4 | Bought a potion of heal wounds for 90 gold pieces
 57764 | Vaults:4 | Bought a potion of haste for 180 gold pieces
 57764 | Vaults:4 | Bought a potion of cancellation for 144 gold pieces
 57764 | Vaults:4 | Bought a potion of heal wounds for 90 gold pieces
 58319 | Vaults:4 | Found Icexib's Jewellery Emporium.
 58378 | Vaults:4 | Found Doynas's Jewellery Shop.
 58400 | Vaults:4 | Identified the +8 longbow "Demon's Undoing" {antimagic,
                  | Int+4}
 58704 | Vaults:4 | Reached XP level 23. HP: 188/188 MP: 0/0
 58704 | Vaults:4 | Learned a level 8 spell: Ignition
 59525 | Vaults:4 | Noticed Jory
 59536 | Vaults:4 | Killed Jory
 59622 | Vaults:4 | Found Kihuixke's Assorted Antiques.
 60470 | Slime:1  | Entered Level 1 of the Pits of Slime
 61200 | Slime:2  | Gained mutation: Your muscles are strong. (Str +4, Int/Dex
                  | -1) [a shining eye]
 61935 | Slime:3  | Reached skill level 15 in Shields
 63016 | Slime:5  | Entered Level 5 of the Pits of Slime
 63037 | Slime:5  | Reached skill level 18 in Dodging
 63478 | Slime:5  | Noticed the Royal Jelly
 63524 | Slime:5  | Gained mutation: Armour fits poorly on your strangely
                  | shaped body. [a shining eye]
 64181 | Slime:5  | Killed the Royal Jelly
 64182 | Slime:5  | Reached XP level 24. HP: 180/202 MP: 0/0
 64190 | Slime:5  | Lost mutation: Your muscles are strong. (Str +4, Int/Dex
                  | -1) [a shining eye]
 64627 | Slime:5  | Identified the amulet "Xeaptasm" {Reflect rElec SH+5}
 64629 | Slime:5  | Identified Odewko's Volume of Reconstruction and the
                  | Missiles
 64629 | Slime:5  | Found the +7 sceptre of Torment {pain, torment}
 64630 | Slime:5  | Identified the +7 trident "Vueng" {drain, rElec rPois rC++
                  | Dex-4}
 64630 | Slime:5  | Identified the +3 long sword "Reyghar" {elec, Contam rC+
                  | MP+9}
 64630 | Slime:5  | Identified the +4 chain mail of the Butterfly {rF+}
 64675 | Slime:5  | Got a slimy rune of Zot
 65350 | Depths:1 | Entered Level 1 of the Depths
 65557 | Depths:1 | Found a one-way gate leading to the halls of Pandemonium.
 65889 | Depths:1 | Found a detected shop or portal.
 66155 | Depths:1 | Found a one-way gateway to a ziggurat.
 66307 | Depths:1 | Found a gateway to Hell.
 66890 | Depths:2 | Noticed a golden dragon
 66909 | Depths:2 | Killed a golden dragon
 67683 | Depths:2 | Reached XP level 25. HP: 197/209 MP: 0/0
 67683 | Depths:2 | Learned a level 8 spell: Borgnjor's Revivification
 67777 | Depths:2 | Identified the +1 scale mail of Untold Secrets {Harm
                  | Rampage Str+3}
 67820 | Depths:2 | Found the +8 longbow "Zephyr" {speed, Dex+3 SInv}
 68600 | Depths:3 | Identified the +3 morningstar of Regicide {heavy, rC+ Int+3
                  | Dex+4}
 68643 | Depths:4 | Entered Level 4 of the Depths
 69191 | Depths:4 | Found a white marble altar of Elyvilon.
 69294 | Depths:4 | Found Dinnik's Demolitions Depot.
 69304 | Depths:4 | Bought a wand of quicksilver (5) for 483 gold pieces
 69330 | Depths:4 | Identified the +10 falchion "Fotif" {flame, rF- rCorr
                  | Int+3}
 69413 | Depths:4 | Noticed Grunn
 69421 | Depths:4 | Killed Grunn
 70614 | Depths:4 | Found a gate to the Realm of Zot.
 71074 | Depths:4 | Found Kelirch's Book Emporium.
 71074 | Depths:4 | Found Nasarh Ekhlug's Jewellery Shop.
 71076 | Depths:4 | Found Tatziath's Jewellery Shop.
 71088 | Depths:4 | Bought a manual of Dodging for 1440 gold pieces
 71327 | Depths:4 | Reached skill level 19 in Dodging
 71898 | Depths:3 | Noticed Parghit
 71912 | Depths:3 | Killed Parghit
 72487 | Vaults:5 | Entered Level 5 of the Vaults
 73574 | Vaults:5 | Reached XP level 26. HP: 199/217 MP: 0/0
 73732 | Vaults:5 | Reached skill level 20 in Dodging
 74948 | Vaults:5 | Reached skill level 21 in Dodging
 75260 | Vaults:5 | Reached skill level 22 in Dodging
 75261 | Vaults:5 | Identified the +2 chain mail of Cheibriados's Scorn {rF+}
 75445 | Vaults:5 | Noticed Frederick
 75453 | Vaults:5 | Killed Frederick
 75465 | Vaults:5 | Reached skill level 23 in Dodging
 75957 | Vaults:5 | Identified the +4 executioner's axe of the Grave {spect,
                  | rElec}
 76148 | Vaults:5 | Identified the +4 long sword of the Telling Sybil {freeze,
                  | Dex+5}
 76544 | Vaults:5 | Noticed a dread lich
 76557 | Vaults:5 | Killed a dread lich
 76713 | Vaults:5 | Identified the +1 falchion "Neegoafe" {flame, Drain Str+2
                  | Dex+6}
 76747 | Vaults:5 | Identified the scarf of Duck's Teeth {repulsion, *Slow +Inv
                  | Will+ Dex+5}
 76748 | Vaults:5 | Identified the Omnibus of the Foremost Wishes
 76854 | Vaults:5 | Noticed an ancient lich
 76859 | Vaults:5 | Killed an ancient lich
 76917 | Vaults:5 | Noticed a dread lich
 76924 | Vaults:5 | Killed a dread lich
 77083 | Vaults:5 | Got a silver rune of Zot
 77971 | Vaults:1 | Killed Asterion
 78047 | Vaults:1 | Reached XP level 27. HP: 149/223 MP: 0/0
 78047 | Vaults:1 | Learned a level 9 spell: Fire Storm
 78408 | Zot:1    | Entered Level 1 of the Realm of Zot
 78986 | Zot:2    | Noticed a Killer Klown
 78995 | Zot:2    | Killed a Killer Klown
 79568 | Zot:3    | Reached skill level 24 in Dodging
 79636 | Zot:3    | Noticed an orb of fire
 79649 | Zot:3    | Killed an orb of fire
 80849 | Zot:2    | Noticed a Killer Klown
 80853 | Zot:2    | Killed a Killer Klown
 80853 | Zot:2    | Noticed a Killer Klown
 80856 | Zot:2    | Killed a Killer Klown
 83806 | Zot:4    | Reached skill level 25 in Dodging
 84225 | Zot:4    | Noticed a Killer Klown
 84229 | Zot:4    | Killed a Killer Klown
 85315 | Zot:5    | Entered Level 5 of the Realm of Zot
 86509 | Zot:5    | Noticed an orb of fire
 86519 | Zot:5    | Noticed an orb of fire
 86523 | Zot:5    | Noticed an orb of fire
 86527 | Zot:5    | Gained mutation: You sometimes lose your temper in combat.
                  | [an orb of fire]
 86529 | Zot:4    | Lost mutation: You sometimes lose your temper in combat.
                  | [potion of mutation]
 86529 | Zot:4    | Lost mutation: Armour fits poorly on your strangely shaped
                  | body. [potion of mutation]
 86529 | Zot:4    | Gained mutation: You are robust. (+10% HP) [potion of
                  | mutation]
 86529 | Zot:4    | Gained mutation: You are agile. (Dex +4, Str/Int -1)
                  | [potion of mutation]
 86645 | Zot:5    | Noticed a Killer Klown
 86651 | Zot:5    | Killed a Killer Klown
 86653 | Zot:5    | Noticed an orb of fire
 86655 | Zot:5    | Noticed an orb of fire
 86655 | Zot:5    | Gained mutation: You occasionally shout uncontrollably at
                  | your foes. [an orb of fire]
 86658 | Zot:5    | Noticed an ancient lich
 86799 | Zot:4    | Killed an orb of fire
 86828 | Zot:5    | Noticed an orb of fire
 86829 | Zot:5    | Gained mutation: You occasionally lose the ability to read
                  | scrolls when taking damage. [an orb of fire]
 86830 | Zot:5    | Noticed an orb of fire
 86849 | Zot:5    | Noticed a Killer Klown
 86912 | Zot:5    | Gained mutation: You are dopey. (Int -2) [an orb of fire]
 86919 | Zot:4    | Killed an orb of fire
 86963 | Zot:5    | Noticed a dread lich
 86965 | Zot:5    | Gained mutation: You are very vulnerable to cold. (rC--)
                  | [an orb of fire]
 87000 | Zot:5    | Killed an orb of fire
 87003 | Zot:5    | Noticed a Killer Klown
 87005 | Zot:5    | Killed an orb of fire
 87127 | Zot:5    | Noticed a Killer Klown
 87129 | Zot:5    | Killed an ancient lich
 87129 | Zot:5    | Killed a dread lich
 87130 | Zot:5    | Reached skill level 26 in Dodging
 87211 | Zot:4    | Killed a Killer Klown
 87232 | Zot:5    | Killed an orb of fire
 87238 | Zot:5    | Noticed an orb of fire
 87239 | Zot:5    | Gained mutation: You have hidden genetic defects. [an orb
                  | of fire]
 87243 | Zot:5    | Killed an orb of fire
 87246 | Zot:4    | Lost mutation: You are agile. (Dex +4, Str/Int -1) [potion
                  | of mutation]
 87246 | Zot:4    | Lost mutation: You occasionally lose the ability to read
                  | scrolls when taking damage. [potion of mutation]
 87246 | Zot:4    | Lost mutation: You are robust. (+10% HP) [potion of
                  | mutation]
 87246 | Zot:4    | Gained mutation: Your muscles are strong. (Str +4, Int/Dex
                  | -1) [potion of mutation]
 87246 | Zot:4    | Gained mutation: Your body sometimes deteriorates upon
                  | taking damage. [potion of mutation]
 87247 | Zot:4    | Lost mutation: Your muscles are strong. (Str +4, Int/Dex
                  | -1) [potion of mutation]
 87247 | Zot:4    | Lost mutation: You have hidden genetic defects. [potion of
                  | mutation]
 87247 | Zot:4    | Lost mutation: You are dopey. (Int -2) [potion of mutation]
 87247 | Zot:4    | Gained mutation: You are somewhat resistant to further
                  | mutation. [potion of mutation]
 87438 | Zot:5    | Killed a Killer Klown
 87446 | Zot:5    | Killed an orb of fire
 87606 | Zot:5    | Killed a Killer Klown
 87892 | Zot:5    | Killed an orb of fire
 89184 | Zot:5    | Identified the +0 chain mail "Opricoz" {rC+}
 90714 | Zot:5    | Got the Orb of Zot
 91159 | D:1      | Necromancy background was a pain in the ass, so I went back
                  | to when Djini could worship Ash and level only
                  | Spellcasting. Totally ignored Necromancy and just did an OP
                  | Djini+Ash build. Worked!
 91160 | D:$      | Escaped with the Orb!

Illustrated notes .#†### #####....####..# .#.######.>)..#### #...# ..[.......)#### ###..## ..N)..#..#).)#####....### ).......####.)...)......# * ..N....## ######)###.#....#* .......# #..# #.####.. , .......# ##9## #.# *# *, .......# * *#.@# #.# , ....$.## #......## #.# *, ....... *#.#####* .# * * , ,,,,,,, * * , ,, ,,, * ,* * * ,, ,,,,,, * * * ,, , , ,, * * , , ** * * *, * ,* * , , Turn 36796 on Snake:2: Spellforged .#†### #####....####..# .#.######.>)..#### #...# ..[.......)#### ###..## ..N)..#..#).)#####....### ).......####.)...)......# * ..N....## ######)###.#....#* .......# #..# #.####.. , .......# ##9## #.# *# *, .......# * *#.@# #.# , ....$.## #......## #.# *, ....... *#.#####* .# * * , ,,,,,,, * * , ,, ,,, * ,* * * ,, ,,,,,, * * * ,, , , ,, * * , , ** * * *, * ,* * , , Turn 36797 on Snake:2: Spellforged Servitor with Arcjolt is pretty neat.

.####............§§≈≈≈#
..###.........∩.§§§~§≈#
...##.............~§≈≈#
...##.⌠.........∩.~~§≈#
...##.............§§≈≈#
##.#............♣..§~§#
.#.#..........♣...§~~≈#
...'..............§~§§#
.#.'............@..§§≈#
.###...............~~≈#
.# #..........♣....~§§#
.####..............§~≈#
...##.⌠..........§§~§§#
..###..........∩.§§§~≈#
..# #............~§~≈≈#
..###............§§§≈≈#
...###........∩.§~§~≈≈#


Turn 91159 on D:1: Necromancy background was a pain in the ass, so I went back
to when Djini could worship Ash and level only Spellcasting. Totally ignored
Necromancy and just did an OP Djini+Ash build. Worked!

Levels and vault maps discovered:
D:1:      tekkud_arrival_beachfront_property, layout_basic,
          ebering_ecumenical_altar_webs, serial_forest,
          infiniplex_forest_clump_long, infiniplex_forest_straight_2,
          infiniplex_forest_clump_small, infiniplex_forest_clump_double,
          infiniplex_forest_zigzag_2, serial_shops, shop
D:2:      layout_rooms, st_stairs_2, minmay_misc_feat_tiny, chequers_avenue,
          uniq_robin
D:3:      layout_basic, nemelex_spade_bored_becter, serial_shops, shop
D:4:      layout_loops_corners, minmay_temple_entry_sparse_star, uniq_ijyb,
          uniq_sigmund
D:5:      layout_loops_ring, kennysheep_ying_yang, pf_guarded_unrand_delatra,
          uniq_edmund
D:6:      layout_loops_cross, minmay_between
D:7:      layout_cave_pools, serial_shops, nicolae_shop_window_shopping,
          serial_undead, serial_undead_d, serial_undead_c, serial_undead_a,
          serial_undead_e
D:8:      layout_loops_ring, minmay_crossroads
D:9:      layout_gridville, erik_lair_orcish_takeover
D:10:     layout_stronghold, grunt_temple_overflow_open, serial_park_tiny_1,
          kennysheep_big_empty_room, nicolae_elemental_shop,
          minmay_misc_feat_rows, hangedman_decor_peaks_small
D:11:     layout_roguey, minmay_orc_entry_temple_small, serial_shops, shop
D:12:     layout_grid_maze, special_room [special_room_orc]
D:13:     layout_long_grid, ximxim_vaults_locker_room, serial_shops,
          kennysheep_little_box, shop, shop, gauntlet_entry_generic, uniq_sonja
D:14:     cheibrodos_hippocracy, layout_basic, glass_columns_a, serial_shops,
          shop, uniq_jorgrun, uniq_lodul, uniq_azrael
D:15:     gammafunk_depths_entry_grave, layout_gridville, serial_park_tiny_2,
          nicolae_trove_entry_crystal
Temple:   nicolae_temple_bog_church
Lair:1:   layout_gridlike
Lair:2:   layout_roguey, minmay_snake_entry_six_corridors, st_stairs_13,
          pdpol_lair_neglected_garden, eino_house_with_fridge,
          grunt_megastairs_5, uniq_erica
Lair:3:   layout_cave_pods, minmay_swamp_entry_worms, grunt_megastairs_4,
          infiniplex_staircase_pool, serial_bayou_shore_b
Lair:4:   layout_cave_pods, slime_entry_1, nicolae_volcano_entry_s_turn,
          grunt_megastairs_2, infiniplex_staircase_pool_2, uniq_urug
Lair:5:   hellmonk_lair_end_abyssal_woods, layout_hall_layers,
          grunt_forest_small_clearing_treed
Swamp:1:  layout_basic_swamp, evilmike_swamp_ruin_house_6
Swamp:2:  nzn_winding_woodlands_medium [nzn_winding_woodlands_5x5_checkerboard,
          nzn_winding_woodlands_5x15_pool, nzn_winding_woodlands_5x5_default,
          nzn_winding_woodlands_hourglass,
          nzn_winding_woodlands_center_diamonds,
          nzn_winding_woodlands_5x5_default, nzn_winding_woodlands_5x5_cross,
          nzn_winding_woodlands_5x15_longhouse,
          nzn_winding_woodlands_5x5_open_star], layout_falls_marsh,
          evilmike_swamp_ruin_house_2, nicolae_swamp_tree_designs
Swamp:3:  nicolae_swamp_decorative_isthmus, layout_basic_swamp,
          nicolae_swamp_treefoil, swamp_pool5, hangedman_swamp_dais, uniq_donald
Swamp:4:  swamp_basic_johnstein, layout_basic_swamp
Snake:1:  layout_layer_cave, uniq_rupert
Snake:2:  layout_rooms, serial_shops, shop
Snake:3:  layout_misc_corridors, nicolae_snake_magic_snake_eye
Snake:4:  snake_pit, layout_chambers, serial_shops, nicolae_shop_trees,
          hangedman_snake_corridor_cut
Slime:1:  layout_caves
Slime:2:  cheibrodos_slime_lost_civilization_3, layout_caves
Slime:3:  layout_caves
Slime:4:  layout_caves
Slime:5
Orc:1:    layout_caves, basic_altar, uniq_gastronok, uniq_erolcha
Orc:2:    st_orc_ogre_mass, layout_caves, kennysheep_orc_chapel
Elf:1:    layout_gridlike, serial_shops, shop, minmay_elf_annihilation,
          drop_trap, grunt_megastairs_1
Elf:2:    nicolae_elf_blades_crystal_corner, layout_loops_cross
Elf:3:    minmay_elf_hall, layout_geoelf_castle, uniq_zenata
Vaults:1: vaults_room_guarded_vault, vaults_standard_mumra_x,
          vaults_dpeg_diagonal, ontoclasm_vaults_fault,
          nicolae_vaults_little_squares_3, v_misc_30,
          nicolae_vaults_tetromino_L_2, layout_vaults_quadrants, uniq_asterion
Vaults:2: portal_desolation_entry_garden, nicolae_vaults_heist,
          hangedman_vaults_variations, vaults_room_grid, hangedman_vaults_snaps,
          nicolae_vaults_shipping_containers_4, nicolae_vaults_trapezoid_1,
          layout_vaults_chaotic_city, minmay_crypt_entry_nasty_monster
Vaults:3: vaults_room_grunt_arrival_checkpoint, v_misc_4,
          nicolae_vaults_mush_room, grunt_vaults_swirl,
          ontoclasm_vaults_shuriken, nicolae_vaults_shrinking_rooms_1,
          v_rooms_2, nicolae_vaults_shelves_hall, vaults_room_corners,
          ontoclasm_vaults_ligature, nicolae_vaults_house_1,
          vaults_dpeg_encased_lava, layout_vaults_ring
Vaults:4: nicolae_vaults_sightless_eye, nicolae_vaults_offset_grid_hallway_3,
          nicolae_vaults_twisting_passages, nicolae_vaults_storage_closets_3,
          nicolae_vaults_more_shelving_2, grunt_vaults_focal,
          nicolae_vaults_bisected_slash, nicolae_vaults_shrinking_rooms_2,
          dpeg_vaults_monster_row, nicolae_vaults_little_squares_4,
          nicolae_vaults_little_squares_1, ontoclasm_vaults_idyll,
          nicolae_vaults_layer_cake_slice, nicolae_vaults_double_plus_1,
          layout_vaults_omnicross, serial_shops, shop,
          nicolae_shop_tiny_waterfront, shop, shop_coins, uniq_jory
Vaults:5: uniq_frederick
Depths:1: layout_forbidden_donut, enter_ziggurat_f, serial_shops,
          nicolae_shop_behind_doors, nicolae_titane,
          nicolae_hell_entry_hellmouth_sunbeams, serial_column_ruins,
          column_ruins_portal_astroid, column_ruins_columns_straight,
          column_ruins_grid_3, column_ruins_columns_dead_end,
          column_ruins_open_tiny, column_ruins_grid_1,
          chequers_decorated_corner, hangedman_decor_points, minivault_16,
          serial_sigils_hangedman_scratch, chequers_serial_rivers_small_a
Depths:2: minmay_concentric_multi, layout_cross, abyss_entry, hell_entry,
          grunt_pan_entry_spiral
Depths:3: hourglass_vault, layout_cave_shapes, pf_hell_entry_tar_spiral,
          abyss_entry_crystal, infiniplex_staircase_door_maze,
          nicolae_triple_integral, uniq_parghit
Depths:4: grunt_zot_entry_pinwheel, layout_gridlike,
          hangedman_abyss_entry_splay, pf_coc_iceberg, nicolae_blasting_shop,
          elyvilon_altar_5, minmay_shop_grove, uniq_grunn
Zot:1:    layout_gridlike
Zot:2:    circus_mu, layout_onion_interference
Zot:3:    layout_basic
Zot:4:    layout_misc_corridors
Zot:5:    layout_misc_corridors

Skill      XL: |  1  2  3  4  5  6  7  8  9 10 11 12 13 14 15 16 17 18 19 20 21 22 23 24 25 26 27 |
---------------+----------------------------------------------------------------------------------+-----
Fighting       | 1 2 3 4 5 7 8 9 10 12 14 15 16 17 18 19 | 19.4
Stealth        | 2 3 4 6 8 10 11 12 13 14 15 16 | 16.0
Dodging        | 3 4 5 6 8 9 10 11 12 13 14 15 16 17 18 19 23 26 | 26.5
Spellcasting   | 4 5 6 7 8 9 10 11 12 13 14 15 16 17 19 20 | 20.6
Evocations     | 2 4 6 7 |  7.4
Staves         | 1 |  1.5
Shields        | 5 7 8 9 11 12 13 14 15 17 19 23 | 23.8
Armour         | 1 3 4 |  4.7

Action                     |  1- 3 |  4- 6 |  7- 9 | 10-12 | 13-15 | 16-18 | 19-21 | 22-24 | 25-27 || total
---------------------------+-------+-------+-------+-------+-------+-------+-------+-------+-------++-------
  Melee: Dagger            |     4 |       |     5 |       |       |       |       |       |       ||     9
         Whip              |       |       |     9 |       |       |       |       |       |       ||     9
         Staff             |       |       |       |    13 |    49 |    24 |     2 |     6 |     2 ||    96
         Punch             |       |       |       |       |     2 |       |       |       |       ||     2
         Trident           |       |       |       |       |       |       |       |       |     1 ||     1
   Cast: Necrotise         |    35 |       |       |     1 |     7 |       |       |       |       ||    43
         Foxfire           |    34 |   123 |   155 |   307 |    52 |    29 |       |       |       ||   700
         Vampiric Draining |       |     4 |    11 |       |       |       |       |       |       ||    15
         Searing Ray       |       |    10 |    19 |    22 |     4 |    13 |     5 |       |       ||    73
         Animate Dead      |       |       |     4 |     3 |     1 |       |       |       |       ||     8
         Poisonous Vapours |       |       |     1 |       |       |     7 |    30 |       |     3 ||    41
         Iskenderun's Myst |       |       |       |    12 |       |     3 |     3 |       |     7 ||    25
         Arcjolt           |       |       |       |    76 |   199 |    90 |    31 |    28 |    41 ||   465
         Agony             |       |       |       |     1 |       |       |       |       |       ||     1
         Summon Forest     |       |       |       |       |    61 |    76 |    70 |    45 |    40 ||   292
         Spellforged Servi |       |       |       |       |       |    52 |    50 |    94 |    87 ||   283
         Dispersal         |       |       |       |       |       |     1 |     5 |     6 |    28 ||    40
         Summon Hydra      |       |       |       |       |       |       |   267 |   125 |    80 ||   472
         Orb of Destructio |       |       |       |       |       |       |    70 |   105 |   200 ||   375
         Ignition          |       |       |       |       |       |       |       |   104 |    79 ||   183
         Fire Storm        |       |       |       |       |       |       |       |       |   232 ||   232
 Invoke: Curse Item        |       |       |     4 |     2 |     2 |       |     2 |     1 |     1 ||    12
         Shatter the Chain |       |       |       |     1 |       |     1 |     1 |     1 |       ||     4
  Evoke: Wand              |       |       |       |     9 |     3 |       |     3 |       |     9 ||    24
         Phantom mirror    |       |       |       |       |       |       |     1 |       |       ||     1
    Use: Scroll            |       |     1 |     4 |     1 |     1 |       |     7 |     4 |    10 ||    28
         Potion            |       |       |       |       |       |       |     1 |     3 |     9 ||    13
   Stab: Distracted        |       |       |       |       |       |     1 |       |       |       ||     1
 Armour: Robe              |     5 |     6 |    26 |    26 |    41 |    45 |    24 |     7 |     3 ||   183
  Dodge: Dodged            |    10 |    18 |    72 |    94 |   286 |   192 |    63 |    43 |    72 ||   850
  Block: Kite shield       |       |       |       |       |    40 |   159 |       |       |       ||   199
         Reflection        |       |       |       |       |       |    11 |       |       |       ||    11
         Tower shield      |       |       |       |       |       |       |   189 |   101 |   104 ||   394
